 Dungeon Crawl Stone Soup version 0.19.0 (webtiles) character file.

320386 Danakh the Slicer (level 20, -3/153 HPs)
             Began as a Demonspawn Wizard on Nov 8, 2016.
             Was the Champion of Dithmenos.
             Slain by a spark wasp zombie (4 damage)
             ... on level 5 of the Depths.
             The game lasted 05:45:26 (45992 turns).

Danakh the Slicer (Demonspawn Wizard)              Turns: 45992, Time: 05:45:26

Health: -3/153     AC:  0    Str:  9    XL:     20   Next: 23%
Magic:  7/28       EV: 23    Int: 32    God:    Dithmenos [******]
Gold:   1189       SH:  0    Dex: 23    Spells: 14 memorised, 1 level left

rFire  + . .     SeeInvis +     R - +5 pair of quick blades "Gyre" and "Gimble" {pierce, Dex-3}
rCold  + + .     Gourm    .     M - +5 robe of Night {Dark MR+ SInv}
rNeg   . . .     Faith    .     (shield currently unavailable)
rPois  +         Spirit   .     q - +2 hat
rElec  +         Reflect  .     F - +0 cloak "Kiahox" {rC+} (curse)
rCorr  .         Harm     .     B - +0 pair of gloves
MR     ++...                    (boots unavailable)
Stlth  ++++++++++               i - amulet of magic regeneration
                                E - ring "Zujasoc" {rPois Int+4 Dex+3}
                                l - ring "Bixe" {rC+ Int+4 Slay+3}

@: about to teleport, corroded, regenerating, wreathed by umbra
A: beak, talons 3, thin skeletal structure 3, blurry vision 1, fire resistance
1, low mp 2, nightstalker 2, sense surroundings 1, powered by death 2, shaggy
fur 1, electricity resistance, strong 1
a: Shadow Step, Shadow Form, Renounce Religion
}: 3/15 runes: decaying, abyssal, gossamer


You were on level 5 of the Depths.
You worshipped Dithmenos.
Dithmenos was exalted by your worship.
You were not hungry.

You visited 7 branches of the dungeon, and saw 39 of its levels.
You visited the Abyss 1 time.
You also visited: Labyrinth and Ice Cave.

You collected 3506 gold pieces.
You spent 2317 gold pieces at shops.

Inventory:

Hand Weapons
 R - the +5 pair of quick blades "Gyre" and "Gimble" (weapon) {pierce, Dex-3}
   (You found it on level 6 of the Lair of Beasts)

   It inflicts extra damage upon your enemies.
   It affects your dexterity (-3).
Armour
 q - a +2 hat (worn)
 B - a +0 pair of gloves (worn)
 F - the cursed +0 cloak "Kiahox" (worn) {rC+}
   (You found it on level 2 of the Elven Halls)

   It protects you from cold.
   It has a curse placed upon it.
 M - the +5 robe of Night (worn) {Dark MR+ SInv}
   (You bought it in a shop on level 4 of the Dungeon)

   It affects your resistance to hostile enchantments.
   It lets you see invisible.
Jewellery
 i - an amulet of magic regeneration (around neck)
 k - an uncursed ring of protection from cold
 l - the ring "Bixe" (left hand) {rC+ Int+4 Slay+3}
   (You took it off a deep elf demonologist on level 3 of the Elven Halls)

   [ring of protection from cold]

   It affects your intelligence (+4).
   It affects your accuracy and damage with ranged weapons and melee attacks
   (+3).
   It protects you from cold.
 E - the ring "Zujasoc" (right hand) {rPois Int+4 Dex+3}
   (You took it off a deep elf archer on level 3 of the Elven Halls)

   [ring of poison resistance]

   It affects your intelligence (+4).
   It affects your dexterity (+3).
   It protects you from poison.
 Q - an uncursed ring of ice
 U - an uncursed ring of protection from fire
Wands
 b - a wand of iceblast (0/15)
 g - a wand of lightning (7/15)
 y - a wand of acid (10/15)
 A - a wand of confusion (17/48)
 H - a wand of paralysis (8/24)
 J - a wand of heal wounds (5/9)
 V - a wand of disintegration (7/24)
 Z - a wand of teleportation (5/9)
Scrolls
 j - a scroll of silence
 m - 3 scrolls of fog
 n - 22 scrolls of remove curse
 r - a scroll of holy word
 D - 6 scrolls of enchant armour
 G - 2 scrolls of fear
 I - a scroll of amnesia
 K - 7 scrolls of identify
 O - a scroll of enchant weapon
 S - 5 scrolls of teleportation
 T - 2 scrolls of recharging
 W - 3 scrolls of magic mapping
Potions
 c - a potion of agility
 e - 3 potions of haste
 h - 10 potions of curing
 o - 7 potions of brilliance
 p - 3 potions of flight
 t - a potion of resistance
 z - a potion of might
 C - a potion of mutation
 L - 3 potions of cure mutation
 P - 2 potions of cancellation
Books
 w - a book of Callings

   Spells                             Type                      Level
   a - Summon Small Mammal            Summoning                    1
   b - Call Imp                       Summoning                    2
   c - Call Canine Familiar           Summoning                    3
   d - Summon Guardian Golem          Hexes/Summoning              3
   e - Summon Lightning Spire         Summoning/Air                4
   f - Summon Ice Beast               Ice/Summoning                4
Comestibles
 d - 22 bread rations
 f - 9 slices of pizza
 s - 14 meat rations
 u - 2 fruits


   Skills:
 - Level 12.0 Fighting
 - Level 12.0 Short Blades
 - Level 12.0 Dodging
 - Level 12.0 Stealth
 - Level 12.0 Spellcasting
 - Level 12.0 Conjurations
 - Level 12.0 Hexes
 + Level 5.7 Charms
   Level 1.0 Summonings
 + Level 7.2 Necromancy
 - Level 2.0 Translocations
 + Level 12.0 Ice Magic
 * Level 10.2 Air Magic
 - Level 12.0 Invocations
 + Level 4.8 Evocations


You had one spell level left.
You knew the following spells:

 Your Spells              Type           Power        Failure   Level  Hunger
a - Magic Dart            Conj           ####         0%          1    None
b - Blink                 Tloc           N/A          1%          2    None
c - Mephitic Cloud        Conj/Pois/Air  ######..     1%          3    None
d - Freezing Cloud        Conj/Ice/Air   #######...   4%          6    ####...
e - Repel Missiles        Chrm/Air       ######       1%          2    None
f - Airstrike             Air            ######....   1%          4    None
g - Force Lance           Conj/Tloc      ######..     1%          4    None
m - Yara's Violent Unrav  Hex/Tmut       ######....   8%          5    #......
p - Apportation           Tloc           ####......   1%          1    None
r - Regeneration          Chrm/Necr      ######....   1%          3    None
s - Gell's Gravitas       Hex/Tloc       ######....   1%          3    None
t - Ozocubu's Armour      Chrm/Ice       ######..     1%          3    None
y - Swiftness             Chrm/Air       ######..     1%          2    None
z - Confuse               Hex            #######.     1%          3    None


Dungeon Overview and Level Annotations

Branches:
Dungeon (15/15)            Temple (0/1) D:7            Lair (6/6) D:11
  Swamp (4/4) Lair:4       Spider (4/4) Lair:4        Slime (0/5) Lair:5
    Orc (2/2) D:9             Elf (3/3) Orc:2        Vaults (0/5) D:14
 Depths (5/5) D:15
    Zot: Depths:5

Altars:
Dithmenos
Hepliaklqana
Kikubaaqudgha
Okawaru
Trog
Vehumet
Xom
Yredelemnul
Zin
Beogh

Shops:
D:4 [   D:8 %([   Orc:2 :(%%*   Elf:2 *

Portals:
Hell: Depths:3 Depths:5

Annotations:
Elf:3 1 exclusion


Innate Abilities, Weirdness & Mutations

You have claws for feet.
You have an unnaturally thin skeletal structure. (Dex +6, Stealth++)
You are significantly more attuned to the shadows.
You regenerate health from kills.
You have a beak for a mouth.
Scrolls take you a little longer to read.
Your flesh is heat resistant. (rF+)
Your magical capacity is very low. (-20% MP)
You passively map a small area around you.
You are covered in fur. (AC +1)
You are resistant to electric shocks. (rElec)
Your muscles are strong. (Str +2)


Message History

The spark wasp zombie is engulfed in freezing vapours.
The spark wasp zombie completely misses you.
The spark wasp is engulfed in freezing vapours.
The purple very ugly thing is engulfed in freezing vapours.
The purple very ugly thing completely misses you.
The caustic shrike is engulfed in freezing vapours.
The caustic shrike claws you!!
* * * LOW HITPOINT WARNING * * *
You emit a cloud of dark smoke.
The acid corrodes you!
You are splashed with acid!
The acid burns!
* * * LOW HITPOINT WARNING * * *
The deep elf master archer is engulfed in freezing vapours.
The deep elf master archer wields a runed longbow.
It is covered in frost.
The deep elf master archer shoots an arrow.
The arrow is repelled.
You feel less protected from missiles.
The spark wasp zombie is engulfed in freezing vapours.
The spark wasp zombie hits you.
You die...

*##############
**##.....§§§§e§..#
**.........#§@ZR..#**
**......#..###bu....,*****
**.......#.##*##yH§..,**,,*
**.........##,*,G#§§..,,,∩,*
*.......#.##,,*..,#...,,,,**
.........##,,,#..,,...,,,,***
........##,***,***,,*,,,,,,,*
.......##,*,,,*,,,,,,*,,,,,,***
....#.##,,*,,**,,,,,,,*,,,,,,,*


You could see a caustic shrike, a purple very ugly thing, a deep elf master
archer, a rakshasa, a spark wasp, a harpy shaped shifter and a spark wasp
zombie.

Vanquished Creatures
  Frederick (Depths:5)
  Nikola (Swamp:1)
  A bone dragon (Swamp:4)
  A tentacled monstrosity (Depths:5)
  A deep elf master archer (Elf:3)
  4 deep elf blademasters
  A sphinx (Depths:4)
  Agnes (Elf:2)
  A tentacled starspawn (Abyss:4)
  A thorn hunter (Swamp:4)
  Frances (Swamp:1)
  A tengu reaver (Depths:5)
  A shadow dragon (Depths:5)
  A fire giant (Depths:5)
  Donald (Swamp:1)
  3 frost giants
  An iron dragon (Depths:5)
  7 deep elf sorcerers
  2 emperor scorpions (Spider:4)
  A ghost moth (Spider:4)
  Louise (Swamp:1)
  Aizul (Elf:3)
  2 stone giants (Depths:1)
  4 deep elf elementalists
  Nessos (Lair:4)
  A caustic shrike skeleton (Depths:5)
  2 entropy weavers
  12 very ugly things
  8 deep elf demonologists
  10 deep elf annihilators
  2 spark wasps (Spider:4)
  A spark wasp (shapeshifter) (Abyss:4)
  A white draconian (Abyss:4)
  5 deep elf death magi
  Snorg (D:14)
  2 crystal guardians (Abyss:4)
  3 ettins
  A fire dragon (Depths:4)
  A minotaur (Lab)
  3 deep elf high priests
  3 yaktaur captains
  A great orb of eyes (shapeshifter) (Abyss:4)
  6 great orbs of eyes
  Harold (Lair:2)
  9 hydras
  Erolcha (D:9)
  Fannar (Lair:3)
  3 ice dragons
  A rakshasa (Depths:4)
  A spriggan air mage (Depths:5)
  4 catoblepae
  A ghost crab (Swamp:4)
  8 centaur warriors
  13 death yaks (Lair:6)
  31 dancing weapons
  2 ogre magi
  The ghost of Haruko the Blocker, a novice FoFi of Uskayaw (D:9)
  2 deep troll shamans
  A deep troll earth mage (Depths:5)
  6 orc high priests
  A vampire mage (Depths:5)
  6 thrashing horrors (Abyss:4)
  4 alligators
  Urug (D:15)
  22 deep elf knights
  A spriggan berserker (Depths:5)
  A soul eater (Swamp:4)
  3 iron trolls (Depths:1)
  2 wretched stars (Abyss:4)
  6 hell knights
  12 unseen horrors
  3 skeletal warriors
  2 deep trolls
  4 swamp dragons
  2 glowing orange brains
  A spriggan druid (Swamp:2)
  16 deep elf archers
  A death drake (shapeshifter) (Abyss:4)
  3 phantasmal warriors
  A shambling mangrove (Swamp:1)
  2 spectral hydras (Swamp:4)
  6 hill giants
  2 necromancers (Depths:5)
  68 deep elf magi
  14 wolf spiders
  6 orc knights
  5 orb spiders
  2 moths of wrath
  2 manticores
  8 orc sorcerers
  18 ugly things
  3 cyclopes
  A mana viper (shapeshifter) (Depths:5)
  2 guardian serpents (shapeshifter) (Abyss:4)
  An apocalypse crab (Abyss:4)
  6 elephants (Lair:5)
  A rust devil (Abyss:2)
  A black mamba (Lair:6)
  3 gargoyles
  Joseph (D:10)
  3 ice statues (IceCv)
  Psyche (D:10)
  A torpor snail (Spider:4)
  2 torpor snails (shapeshifter)
  The ghost of Ultraviolent4 the Shield-Bearer, a novice FoFi of Okawaru (D:5)
  13 spiny frogs
  4 centaur skeletons
  2 kobold demonologists (D:15)
  12 komodo dragons
  A hellion (Abyss:4)
  3 rime drakes (Lair:6)
  3 swamp worm zombies (Swamp:4)
  An efreet (D:15)
  A freezing wraith (D:14)
  6 demonic crawlers
  7 yaktaurs
  An ice devil (Abyss:4)
  A redback zombie (D:15)
  19 jumping spiders
  A minotaur zombie (Lab)
  A queen bee (D:14)
  2 tengu conjurers (Depths:2)
  6 hydra zombies (Swamp:4)
  6 two-headed ogres
  Prince Ribbit (D:5)
  7 hornets
  2 meliai (D:14)
  4 trolls
  A tyrant leech (Swamp:1)
  15 blink frogs
  4 spectral swamp dragons (Swamp:4)
  8 bog bodies
  2 dream sheep (D:12)
  21 slime creatures
  11 raiju (Abyss:4)
  6 hippogriffs
  Sigmund (D:5)
  A spriggan (shapeshifter) (Depths:1)
  2 air elementals
  2 shadows (D:14)
  8 tarantellas
  A wyvern (D:13)
  33 redbacks
  A spriggan (Depths:4)
  2 water elementals
  A hog (shapeshifter) (Abyss:4)
  27 yaks
  4 fire elementals
  Grum (D:9)
  4 basilisks
  A chaos spawn (Abyss:4)
  2 hungry ghosts
  A mottled dragon (D:12)
  8 wargs
  13 vampire mosquitoes
  11 insubstantial wisps
  4 small abominations (Abyss:4)
  A soldier ant (shapeshifter) (Elf:2)
  11 water moccasins
  6 swamp worms
  5 porcupines
  Duvessa (D:5)
  4 swamp drakes
  A water moccasin (shapeshifter) (Elf:1)
  A floating eye (Depths:2)
  31 orc warriors
  A sky beast (shapeshifter) (D:15)
  3 sky beasts
  2 necrophages (D:13)
  An eye of draining (shapeshifter) (Depths:5)
  A swamp dragon zombie (Swamp:4)
  5 black bears
  An eye of draining (D:15)
  7 ice beasts
  7 phantoms
  14 ogres
  8 wolves
  2 boggarts (Depths:5)
  21 centaurs
  11 crocodiles
  6 big kobolds
  19 bullfrogs
  2 earth elementals
  2 scorpions
  4 wyvern skeletons
  Dowan (D:5)
  A water moccasin skeleton (D:6)
  21 killer bees
  4 wights (D:7)
  A howler monkey (D:5)
  An electric eel (Spider:4)
  2 bullfrog zombies
  2 centaur zombies
  8 crimson imps
  17 jellies
  9 hounds
  29 orc priests
  6 bullfrog skeletons
  24 orc wizards
  2 iguanas
  18 worker ants
  6 hell rats (Lair:2)
  A killer bee zombie (D:9)
  A hound skeleton (D:5)
  2 howler monkey zombies
  2 worker ant zombies
  A howler monkey skeleton (D:4)
  8 gnolls
  13 adders
  13 river rats (Lair:2)
  2 swamp drake zombies (Swamp:4)
  2 shadow imps
  A white imp (Abyss:2)
  5 oozes
  2 adder zombies (D:4)
  5 worms
  2 dart slugs
  6 leopard geckos
  85 orcs
  7 bats
  4 giant cockroaches
  9 goblins
  5 hobgoblins
  2 jackals (D:2)
  6 quokkas
  A ball python (D:4)
  5 frilled lizards
  2 jackal zombies (D:4)
  20 kobolds
  2 leopard gecko skeletons
  A leopard gecko zombie (D:4)
  A quokka skeleton (D:4)
  2 quokka zombies
  28 rats
  2 lurking horrors (Abyss:4)
  2 plants
1322 creatures vanquished.

Vanquished Creatures (collateral kills)
  A jumping spider (Spider:4)
  An orc (D:6)
2 creatures vanquished.

Vanquished Creatures (others)
  An unseen horror (Abyss:4)
  2 insubstantial wisps (Swamp:4)
  An orc (Orc:2)
  A kobold (D:15)
  6 fungi (Lair:6)
  6 plants
  8 starspawn tentacles (Abyss:4)
  A withered plant (D:4)
26 creatures vanquished.

Grand Total: 1350 creatures vanquished

Notes
Turn   | Place    | Note
-------+----------+-------------------------------------------
     0 | D:1      | Danakh the Demonspawn Wizard began the quest for the Orb.
     0 | D:1      | Reached XP level 1. HP: 13/13 MP: 4/4
   419 | D:1      | Gained mutation: You have sharp toenails. [demonic ancestry]
   419 | D:1      | Reached XP level 2. HP: 19/19 MP: 3/6
   502 | D:1      | Learned a level 2 spell: Blink
  1187 | D:2      | Gained mutation: You have a somewhat thin skeletal structure. (Dex +2, Stealth) [demonic ancestry]
  1187 | D:2      | Reached XP level 3. HP: 24/24 MP: 3/7
  1192 | D:2      | Learned a level 3 spell: Mephitic Cloud
  1416 | D:2      | Found a glowing silver altar of Zin.
  1973 | D:3      | Reached XP level 4. HP: 21/30 MP: 1/9
  1978 | D:3      | Learned a level 3 spell: Conjure Flame
  2677 | D:3      | Reached XP level 5. HP: 17/35 MP: 2/11
  3028 | D:3      | Learned a level 2 spell: Repel Missiles
  3222 | D:4      | Noticed a sky beast
  3847 | D:4      | Reached skill level 5 in Conjurations
  3847 | D:4      | Reached XP level 6. HP: 41/41 MP: 6/12
  4120 | D:4      | Killed a sky beast
  4126 | D:4      | Gained mutation: You are agile. (Dex +2) [mutagenic meat]
  4127 | D:4      | Gained mutation: Your spells are a little easier to cast, but a little less powerful. [mutagenic meat]
  4128 | D:4      | Gained mutation: You tend to lose your temper in combat. [mutagenic meat]
  4129 | D:4      | Gained mutation: Your magical capacity is low. (-10% MP) [mutagenic meat]
  4528 | D:4      | Found a basalt altar of Yredelemnul.
  5002 | D:4      | Gained mutation: You have a moderately thin skeletal structure. (Dex +4, Stealth+) [demonic ancestry]
  5002 | D:4      | Reached XP level 7. HP: 46/46 MP: 10/12
  5554 | D:4      | Found Aviloew's Armour Shoppe.
  5722 | D:4      | Reached skill level 5 in Spellcasting
  6126 | D:5      | Entered Level 5 of the Dungeon
  6852 | D:5      | Noticed Prince Ribbit
  7068 | D:5      | Noticed Duvessa
  7073 | D:5      | Noticed Dowan
  7132 | D:5      | Noticed Ultraviolent4's ghost (novice FoFi)
  7209 | D:4      | Gained mutation: You are slightly more attuned to the shadows. [demonic ancestry]
  7209 | D:4      | Reached XP level 8. HP: 52/52 MP: 2/14
  7562 | D:5      | Killed Prince Ribbit
  7715 | D:5      | Killed Dowan
  7757 | D:5      | Killed Ultraviolent4's ghost
  8066 | D:5      | Killed Duvessa
  8242 | D:5      | Gained mutation: You are significantly more attuned to the shadows. [demonic ancestry]
  8242 | D:5      | Reached XP level 9. HP: 50/57 MP: 14/16
  8549 | D:5      | Noticed Sigmund
  8562 | D:5      | Killed Sigmund
  8735 | D:5      | Found a shadowy altar of Dithmenos.
  8735 | D:5      | Found a hazy altar of Hepliaklqana.
  8740 | D:5      | Became a worshipper of Dithmenos the Shadowed
  8847 | D:6      | Found a basalt altar of Yredelemnul.
  8967 | D:6      | Reached skill level 1 in Short Blades
  9223 | D:6      | Reached * piety under Dithmenos
  9265 | D:6      | Reached skill level 5 in Stealth
  9720 | D:7      | Found a bloodstained altar of Trog.
  9721 | D:7      | Found an ancient bone altar of Kikubaaqudgha.
  9961 | D:7      | Found a staircase to the Ecumenical Temple.
 10047 | D:7      | Found an iron altar of Okawaru.
 10070 | D:7      | Reached skill level 5 in Dodging
 10073 | D:7      | Reached ** piety under Dithmenos
 10159 | D:7      | You fall through a shaft!
 10171 | D:8      | Learned a level 3 spell: Confuse
 10236 | D:8      | Found Zinyh's Armour Shoppe.
 10418 | D:8      | Found Puguet's Weapon Boutique.
 11310 | D:8      | Reached XP level 10. HP: 63/63 MP: 17/17
 11449 | D:8      | Found Otietoq's Food Boutique.
 11556 | D:9      | Reached skill level 5 in Short Blades
 12060 | D:9      | Reached skill level 1 in Fighting
 12091 | D:9      | Reached *** piety under Dithmenos
 12091 | D:9      | Reached skill level 1 in Hexes
 12248 | D:9      | Noticed Haruko's ghost (novice FoFi)
 12248 | D:9      | Noticed Grum
 12551 | D:9      | Killed Grum
 13112 | D:9      | Found a staircase to the Orcish Mines.
 13733 | D:9      | Noticed Erolcha
 13738 | D:9      | Killed Erolcha
 13836 | D:9      | Learned a level 3 spell: Gell's Gravitas
 13858 | D:10     | Entered Level 10 of the Dungeon
 13858 | D:10     | Noticed a hill giant
 13873 | D:9      | Killed a hill giant
 13873 | D:9      | Reached skill level 1 in Translocations
 14155 | D:10     | Noticed a gargoyle
 14203 | D:10     | Killed a gargoyle
 14203 | D:10     | Gained mutation: You have razor-sharp toenails. [demonic ancestry]
 14203 | D:10     | Reached XP level 11. HP: 74/75 MP: 14/19
 14527 | D:10     | Noticed Psyche
 14532 | D:10     | Killed Psyche
 14589 | D:10     | Noticed Joseph
 14597 | D:10     | Killed Joseph
 15047 | D:11     | Found a staircase to the Lair.
 15188 | D:11     | Reached **** piety under Dithmenos
 15675 | D:12     | Noticed a centaur warrior
 15683 | D:12     | Noticed a skeletal warrior
 15685 | D:12     | Noticed a skeletal warrior
 15766 | Lair:1   | Entered Level 1 of the Lair of Beasts
 16526 | Lair:2   | Noticed Harold
 16714 | Lair:2   | Reached ***** piety under Dithmenos
 17107 | Lair:2   | Gained mutation: You regenerate a little health from kills. [demonic ancestry]
 17107 | Lair:2   | Reached XP level 12. HP: 84/84 MP: 21/21
 17371 | D:4      | Bought the +5 robe of Night {Dark MR+ SInv} for 467 gold pieces
 17588 | Lair:2   | Found an iron altar of Okawaru.
 18119 | Lair:3   | Reached skill level 5 in Hexes
 18120 | Lair:3   | Found a labyrinth entrance.
 18129 | Lab      | Entered a labyrinth
 18246 | Lab      | Noticed a minotaur
 18254 | Lab      | Killed a minotaur
 18263 | Lab      | Got a brightly glowing great mace
 18267 | Lab      | Identified the cursed +1 great mace of Blood {crush, MR+} (You found it in a labyrinth)
 18346 | Lair:3   | Noticed Fannar
 18350 | Lair:3   | Killed Fannar
 18350 | Lair:3   | Reached skill level 5 in Fighting
 19393 | Lair:4   | Noticed Nessos
 19397 | Lair:4   | Killed Nessos
 19767 | Lair:4   | Found a staircase to the Swamp.
 20078 | Lair:4   | Found a hole to the Spider Nest.
 20728 | Lair:5   | Noticed a five-headed hydra
 20730 | Lair:5   | Killed a five-headed hydra
 20854 | Lair:5   | Gained mutation: You have claws for feet. [demonic ancestry]
 20854 | Lair:5   | Reached XP level 13. HP: 93/93 MP: 22/22
 21138 | Lair:5   | Found a staircase to the Slime Pits.
 21630 | Lair:6   | Entered Level 6 of the Lair of Beasts
 21850 | Lair:6   | Reached skill level 10 in Short Blades
 21927 | Lair:6   | Found a frozen archway.
 21948 | Lair:6   | Reached ****** piety under Dithmenos
 21959 | IceCv    | Entered an ice cave
 22830 | Lair:6   | Reached XP level 14. HP: 103/103 MP: 10/24
 23219 | Lair:6   | Reached skill level 10 in Stealth
 24754 | D:12     | Reached skill level 1 in Invocations
 24781 | D:12     | Gained mutation: You are covered in fur. (AC +1) [mutagenic meat]
 24782 | D:12     | Lost mutation: You are agile. (Dex +2) [mutagenic meat]
 24783 | D:12     | Gained mutation: Your body sometimes deteriorates upon taking damage. [mutagenic meat]
 24785 | D:12     | Gained mutation: You are robust. (+10% HP) [mutagenic meat]
 24875 | D:12     | Gained mutation: Your flesh is heat resistant. (rF+) [mutagenic meat]
 24876 | D:12     | Lost mutation: Your spells are a little easier to cast, but a little less powerful. [mutagenic meat]
 24877 | D:12     | Gained mutation: You often lose your temper in combat. [mutagenic meat]
 24878 | D:12     | Lost mutation: You often lose your temper in combat. [mutagenic meat]
 25236 | D:9      | Killed Haruko's ghost
 25260 | Orc:1    | Entered Level 1 of the Orcish Mines
 25445 | Orc:2    | Entered Level 2 of the Orcish Mines
 25465 | Orc:2    | Found a staircase to the Elven Halls.
 25577 | Orc:2    | Found Deklodinn's Book Emporium.
 25859 | Orc:1    | Found a shimmering altar of Xom.
 26426 | Orc:2    | Reached skill level 10 in Hexes
 27016 | Orc:2    | Found Weerrucw's Food Shop.
 27016 | Orc:2    | Found Konaesmu's Food Shop.
 27018 | Orc:2    | Found Gocinnuo's General Store.
 27030 | Orc:2    | Found Ceewo's Antique Weapon Shoppe.
 27510 | D:13     | Found a roughly hewn altar of Beogh.
 27764 | D:13     | Reached XP level 15. HP: 82/123 MP: 25/25
 28032 | D:14     | Noticed Snorg
 28036 | D:14     | Killed Snorg
 28038 | D:14     | Found a gate to the Vaults.
 28481 | D:14     | Learned a level 1 spell: Apportation
 29113 | D:14     | Reached skill level 5 in Invocations
 29219 | D:15     | Entered Level 15 of the Dungeon
 29555 | D:15     | Noticed Urug
 29559 | D:15     | Killed Urug
 29583 | D:15     | Reached skill level 10 in Dodging
 29624 | D:14     | Gained mutation: You passively map a small area around you. [mutagenic meat]
 29625 | D:14     | Gained mutation: Armour fits poorly on your strangely shaped body. [mutagenic meat]
 29830 | D:15     | Gained mutation: Your magical capacity is very low. (-20% MP) [mutagenic meat]
 29831 | D:15     | Lost mutation: You tend to lose your temper in combat. [mutagenic meat]
 30041 | D:15     | Reached skill level 10 in Spellcasting
 30045 | D:15     | Found a staircase to the Depths.
 30158 | D:15     | Gained mutation: You tend to lose your temper in combat. [mutagenic meat]
 30196 | D:15     | Gained mutation: You have a beak for a mouth. [mutagenic meat]
 30197 | D:15     | Lost mutation: Your body sometimes deteriorates upon taking damage. [mutagenic meat]
 30198 | D:15     | Gained mutation: Your body sometimes deteriorates upon taking damage. [mutagenic meat]
 30874 | Elf:1    | Entered Level 1 of the Elven Halls
 30935 | Elf:1    | Identified the Volume of the Escort
 31407 | Elf:1    | Gained mutation: You regenerate health from kills. [demonic ancestry]
 31407 | Elf:1    | Reached XP level 16. HP: 133/133 MP: 24/24
 31916 | Elf:2    | Got a warped cloak
 31927 | Elf:2    | Identified the cursed +0 cloak "Kiahox" {rC+} (You found it on level 2 of the Elven Halls)
 32064 | Elf:2    | Reached skill level 10 in Fighting
 32177 | Elf:2    | Found Danaofaydd's General Store.
 32295 | Elf:2    | Noticed Agnes
 32309 | Elf:2    | Killed Agnes
 32349 | Elf:2    | Found a huge runed gate.
 32349 | Elf:2    | Found a huge runed gate.
 32349 | Elf:2    | Found a huge runed gate.
 32349 | Elf:2    | Found a huge runed gate.
 32352 | Elf:2    | Reached skill level 1 in Ice Magic
 32366 | Elf:2    | Found a huge runed gate.
 32691 | Elf:2    | Reached skill level 1 in Air Magic
 34635 | Elf:2    | HP: 6/134 [scimitar of slicing (4)]
 35983 | Elf:3    | Entered Level 3 of the Elven Halls
 36556 | Elf:3    | Noticed Aizul
 36570 | Elf:3    | Killed Aizul
 36570 | Elf:3    | Reached XP level 17. HP: 141/141 MP: 25/25
 36639 | Elf:3    | Gained mutation: Your magical capacity is extremely low. (-30% MP) [potion of mutation]
 36639 | Elf:3    | Lost mutation: Armour fits poorly on your strangely shaped body. [potion of mutation]
 36639 | Elf:3    | Lost mutation: You are robust. (+10% HP) [potion of mutation]
 36648 | Elf:3    | Found an ancient bone altar of Kikubaaqudgha.
 36752 | Elf:3    | Reached skill level 5 in Ice Magic
 37480 | Elf:3    | Noticed a deep elf master archer
 37483 | Elf:3    | Noticed a deep elf blademaster
 37492 | Elf:2    | Killed a deep elf blademaster
 37492 | Elf:2    | Reached skill level 10 in Invocations
 37586 | Elf:3    | Killed a deep elf master archer
 37768 | Elf:3    | Noticed a deep elf blademaster
 37820 | Elf:2    | Killed a deep elf blademaster
 37919 | Elf:2    | Reached skill level 10 in Conjurations
 38114 | Elf:3    | Found a radiant altar of Vehumet.
 38197 | Elf:3    | Noticed a deep elf blademaster
 38206 | Elf:3    | Killed a deep elf blademaster
 38849 | Elf:3    | Got a steaming iron ring
 38856 | Elf:3    | Identified the ring "Zujasoc" {rPois Int+4 Dex+3} (You took it off a deep elf archer on level 3 of the Elven Halls)
 38901 | Elf:3    | Reached skill level 5 in Air Magic
 38920 | Elf:3    | Got a smoking platinum ring
 39026 | Elf:2    | Cast into level 2 of the Abyss (glaive of distortion)
 39028 | Abyss:2  | Identified the ring "Bixe" {rC+ Int+4 Slay+3} (You took it off a deep elf demonologist on level 3 of the Elven Halls)
 39031 | Abyss:2  | Found a corrupted altar of Lugonu.
 39191 | Abyss:4  | Gained mutation: Armour fits poorly on your strangely shaped body. [mutagenic meat]
 39191 | Abyss:4  | Lost mutation: Armour fits poorly on your strangely shaped body. [potion of mutation]
 39191 | Abyss:4  | Gained mutation: You have an unnaturally thin skeletal structure. (Dex +6, Stealth++) [potion of mutation]
 39191 | Abyss:4  | Lost mutation: You tend to lose your temper in combat. [potion of mutation]
 39197 | Abyss:4  | Noticed a hellephant
 39217 | Abyss:4  | Reached XP level 18. HP: 100/138 MP: 21/23
 39428 | Abyss:4  | Noticed a profane servitor
 39633 | Abyss:4  | Got an abyssal rune of Zot
 39666 | Elf:2    | Escaped the Abyss
 39671 | Elf:2    | Lost mutation: Your magical capacity is extremely low. (-30% MP) [mutagenic meat]
 39672 | Elf:2    | Gained mutation: Your muscles are strong. (Str +2) [mutagenic meat]
 39673 | Elf:2    | Gained mutation: You are resistant to electric shocks. (rElec) [mutagenic meat]
 39721 | Elf:3    | Got a heavily runed ivory ring
 39767 | Elf:3    | Identified the ring of Contentment {*Tele Dex+4} (You took it off a deep elf annihilator on level 3 of the Elven Halls)
 39794 | Elf:3    | Identified the Incunabulum of the Many Souls
 39796 | Elf:3    | Identified Liefofeu's Reference Book on Helpful Flight
 39938 | Elf:3    | Learned a level 2 spell: Swiftness
 39943 | Elf:3    | Learned a level 4 spell: Force Lance
 39949 | Elf:3    | Learned a level 5 spell: Yara's Violent Unravelling
 40046 | Elf:2    | Bought a scroll of fear for 35 gold pieces
 40046 | Elf:2    | Bought a book of Clouds for 450 gold pieces
 40046 | Elf:2    | Bought a potion of agility for 40 gold pieces
 40046 | Elf:2    | Bought 2 potions of haste for 200 gold pieces
 40103 | Orc:2    | Bought a book of Frost for 525 gold pieces
 40103 | Orc:2    | Bought a book of Battle for 600 gold pieces
 40110 | Orc:2    | Learned a level 6 spell: Freezing Cloud
 40114 | Orc:2    | Learned a level 3 spell: Ozocubu's Armour
 40118 | Orc:2    | Learned a level 3 spell: Regeneration
 40361 | Swamp:1  | Entered Level 1 of the Swamp
 40377 | Swamp:1  | Got a scorched war axe
 40468 | Swamp:1  | Noticed Nikola
 40470 | Swamp:1  | Killed Nikola
 40488 | Swamp:1  | Identified the +6 war axe "Nitait" {freeze, rF- Str+10 Int-2 SInv} (You found it on level 1 of the Swamp)
 40652 | Swamp:1  | Noticed Donald
 40655 | Swamp:1  | Killed Donald
 40671 | Swamp:1  | Noticed Frances
 40690 | Swamp:1  | Killed Frances
 40782 | Swamp:1  | Noticed Louise
 40808 | Swamp:1  | Killed Louise
 40815 | Swamp:1  | Reached skill level 10 in Ice Magic
 41227 | Swamp:4  | Entered Level 4 of the Swamp
 41252 | Swamp:3  | Reached skill level 1 in Necromancy
 41297 | Swamp:4  | Reached skill level 1 in Charms
 41453 | Swamp:4  | Lost mutation: Your body sometimes deteriorates upon taking damage. [potion of mutation]
 41619 | Swamp:4  | Noticed a bone dragon
 41674 | Swamp:4  | Killed a bone dragon
 41686 | Swamp:4  | Got a decaying rune of Zot
 41946 | Spider:1 | Entered Level 1 of the Spider Nest
 42123 | Spider:1 | Got an ichor-stained robe
 42134 | Spider:1 | Identified the +2 robe "Qerroth" {*Contam rPois Regen+ Int+2} (You found it on level 1 of the Spider Nest)
 42141 | Spider:1 | Gained mutation: Scrolls take you a little longer to read. [mutagenic glow]
 42355 | Spider:2 | Mutation became permanent: You have an unnaturally thin skeletal structure. (Dex +6, Stealth++) [demonic ancestry]
 42355 | Spider:2 | Reached XP level 19. HP: 146/146 MP: 28/28
 42660 | Spider:3 | Learned a level 4 spell: Airstrike
 42806 | Spider:4 | Entered Level 4 of the Spider Nest
 43034 | Spider:4 | HP: 7/146 [emperor scorpion (24)]
 43550 | Spider:4 | Reached skill level 1 in Evocations
 43625 | Spider:4 | Got a gossamer rune of Zot
 43834 | Lair:2   | Killed Harold
 44005 | Depths:1 | Entered Level 1 of the Depths
 44461 | Depths:1 | Reached skill level 5 in Necromancy
 44948 | Depths:2 | Paralysed by a floating eye for 3 turns
 45053 | Depths:3 | Found a gateway to Hell.
 45103 | Depths:5 | Entered Level 5 of the Depths
 45450 | Depths:5 | Noticed a golden dragon
 45468 | Depths:5 | Reached skill level 5 in Charms
 45500 | Depths:5 | Noticed Frederick
 45507 | Depths:5 | Noticed a caustic shrike
 45512 | Depths:5 | Killed Frederick
 45512 | Depths:5 | Reached XP level 20. HP: 129/153 MP: 20/28
 45669 | Depths:4 | Noticed a juggernaut
 45704 | Depths:4 | Reached skill level 10 in Air Magic
 45981 | Depths:5 | Noticed a caustic shrike
 45992 | Depths:5 | HP: 1/153 [acid (7)]
 45992 | Depths:5 | Slain by a spark wasp zombie

Skill      XL: |  1  2  3  4  5  6  7  8  9 10 11 12 13 14 15 16 17 18 19 20 |
---------------+-------------------------------------------------------------+-----
Conjurations   | 2 3 4 5 6 7 8 9 10 11 12 | 12.0
Spellcasting   | 4 5 6 7 8 9 10 11 12 | 12.0
Dodging        | 2 4 5 6 7 8 9 10 11 12 | 12.0
Stealth        | 3 4 6 7 8 9 10 11 12 | 12.0
Short Blades   | 4 6 8 9 10 11 12 | 12.0
Fighting       | 3 4 6 7 8 9 10 11 12 | 12.0
Hexes          | 2 4 7 9 10 11 12 | 12.0
Translocations | 1 2 |  2.0
Invocations    | 4 7 9 11 12 | 12.0
Ice Magic      | 4 8 10 11 12 | 12.0
Air Magic      | 3 5 7 9 10 | 10.2
Necromancy     | 3 6 7 |  7.2
Charms         | 2 5 |  5.7
Evocations     | 4 |  4.8
Summonings     | |  1.0

Action                   |  1- 3 |  4- 6 |  7- 9 | 10-12 | 13-15 | 16-18 | 19-21 || total
-------------------------+-------+-------+-------+-------+-------+-------+-------++-------
Melee: Unarmed           |     5 |       |       |       |       |       |       ||     5
       Dagger            |     4 |    71 |   201 |   657 |    62 |       |       ||   995
       Kick              |     1 |    15 |    45 |   202 |   388 |   462 |   332 ||  1445
       Pair of quick bla |       |       |       |       |  1367 |  1553 |   749 ||  3669
       Peck              |       |       |       |       |    33 |   307 |   210 ||   550
 Cast: Magic Dart        |   106 |   157 |   259 |   149 |    20 |    24 |     4 ||   719
       Mephitic Cloud    |       |    11 |    25 |    45 |    54 |    57 |     6 ||   198
       Conjure Flame     |       |     8 |     6 |       |       |       |       ||    14
       Blink             |       |     4 |     6 |     1 |       |     6 |     9 ||    26
       Repel Missiles    |       |     1 |     1 |     1 |     7 |     6 |     1 ||    17
       Confuse           |       |       |       |    40 |     6 |       |       ||    46
       Gell's Gravitas   |       |       |       |       |     2 |     2 |       ||     4
       Regeneration      |       |       |       |       |       |     5 |    34 ||    39
       Ozocubu's Armour  |       |       |       |       |       |     5 |     8 ||    13
       Force Lance       |       |       |       |       |       |     3 |       ||     3
       Freezing Cloud    |       |       |       |       |       |     2 |    14 ||    16
       Airstrike         |       |       |       |       |       |       |    27 ||    27
       Swiftness         |       |       |       |       |       |       |     2 ||     2
       Apportation       |       |       |       |       |       |       |     1 ||     1
Invok: Shadow Step       |       |       |       |     1 |       |       |       ||     1
Evoke: Wand              |       |       |       |       |       |     2 |     5 ||     7
  Use: Scroll            |       |     9 |     8 |    13 |     2 |     9 |     5 ||    46
       Potion            |       |     3 |     1 |       |       |    16 |     4 ||    24
 Stab: Confused          |       |     3 |     5 |    42 |    67 |    37 |     1 ||   155
       Sleeping          |       |       |    27 |    73 |   130 |    79 |    40 ||   349
       Distracted        |       |       |     3 |     6 |     8 |    16 |     3 ||    36
       Held in net/web   |       |       |       |     1 |       |       |       ||     1
  Eat: Chunk             |     3 |    13 |    16 |    25 |    52 |    26 |     4 ||   139
       Pizza             |       |     1 |       |       |     3 |       |       ||     4
       Fruit             |       |       |     3 |     6 |     3 |    14 |     2 ||    28
       Beef jerky        |       |       |     1 |     1 |     1 |     1 |     2 ||     6
       Royal jelly       |       |       |       |       |       |     1 |     4 ||     5
Armor: Robe              |     3 |    17 |    38 |    44 |   103 |   132 |    94 ||   431
Dodge: Dodged            |    23 |    54 |   145 |   315 |   416 |   630 |   574 ||  2157
       Deflected         |       |       |     4 |     2 |    10 |    14 |    13 ||    43
